 Dungeon Crawl Stone Soup version 0.25-a0-591-g2ad0d861f1 (webtiles) character file.

Game seed: 3122547594594756052, levelgen mode: deterministic

18535 Haet the Geomancer (level 12, -1/72 HPs)
             Began as a Gargoyle Earth Elementalist on Mar 14, 2020.
             Was a High Priest of Vehumet.
             Slain by a centaur warrior simulacrum (8 damage)
             ... on level 12 of the Dungeon.
             The game lasted 00:42:55 (15307 turns).

Haet the Geomancer (Gargoyle Earth Elementalist)   Turns: 15307, Time: 00:42:55

Health: -1/72      AC: 14    Str: 12    XL:     12   Next: 59%
Magic:  11/24      EV: 14    Int: 25    God:    Vehumet [*****.]
Gold:   228        SH:  0    Dex: 10    Spells: 9/27 levels left

rFire    . . .     SeeInvis +   D - +7 flail (vorpal)
rCold    + + .     Gourm    .   (no shield)
rNeg     + . .     Faith    .   u - +1 robe of Akiroapliw {MR++ Int+4 SInv}
rPois    ∞         Spirit   .   (no helmet)
rElec    +         Reflect  .   y - scarf {rC+ rF+}
rCorr    .         Harm     .   (no gloves)
MR       ++...                  (no boots)
Stlth    ++........             (no amulet)
HPRegen  0.22/turn              p - +2 ring of protection
MPRegen  0.19/turn              q - ring of ice

@: no status effects
A: negative energy resistance 1, electricity resistance, unbreathing,
petrification resistance, rot immunity, AC +8
a: Renounce Religion


You were on level 12 of the Dungeon.
You worshipped Vehumet.
Vehumet was extremely pleased with you.
You were hungry.

You visited 2 branches of the dungeon, and saw 13 of its levels.
You also visited: Sewer, Ossuary and Ice Cave.

You collected 758 gold pieces.
You spent 530 gold pieces at shops.

Inventory:

Hand Weapons
 f - a +2 dagger of venom
 w - a +1 morningstar of venom
 D - a +7 vorpal flail (weapon)
Missiles
 b - 115 stones (quivered)
Armour
 g - a +0 leather armour of fire resistance
 h - a +0 cloak
 s - a +2 buckler of cold resistance
 u - the +1 robe of Akiroapliw (worn) {MR++ Int+4 SInv}
   (You found it on level 7 of the Dungeon)

   It affects your intelligence (+4).
   It affects your resistance to hostile enchantments.
   It lets you see invisible.
 x - +1 steam dragon scales
 y - a scarf of resistance (worn)
 z - a +0 robe of fire resistance
 G - a +0 robe of cold resistance
Magical Staves
 H - an uncursed staff of cold
Jewellery
 p - a +2 ring of protection (left hand)
 q - a ring of ice (right hand)
Wands
 a - a wand of paralysis (25)
 c - a wand of acid (6)
 r - a wand of disintegration (14)
 F - a wand of random effects (8)
 M - a wand of iceblast (40)
 O - a wand of enslavement (9)
Scrolls
 e - 2 scrolls of enchant weapon
 m - 3 scrolls of teleportation
 o - 7 scrolls of remove curse
 A - a scroll of blinking
 B - a scroll of brand weapon
 E - 3 scrolls of fog
 N - a scroll of amnesia
 P - a scroll of identify
Potions
 i - 4 potions of stabbing
 j - a potion of berserk rage
 k - 11 potions of curing
 l - 2 potions of flight
 n - 2 potions of lignification
 t - 5 potions of heal wounds
 v - 2 potions of haste
 C - 2 potions of brilliance
 J - a potion of invisibility
 K - a potion of might
 L - 2 potions of cancellation
Miscellaneous
 I - a phial of floods
Comestibles
 d - 20 rations


   Skills:
 + Level 7.3 Fighting
 + Level 6.7 Maces & Flails
 - Level 6.0 Armour
 + Level 5.9 Dodging
 - Level 2.1 Stealth
 + Level 8.2 Spellcasting
 + Level 9.0 Conjurations
 - Level 0.7 Transmutations
 + Level 10.7 Earth Magic
 + Level 5.3 Evocations


You had 9 spell levels left.
You knew the following spells:

 Your Spells              Type           Power        Failure   Level  Hunger
a - Sandblast             Erth           ######       1%          1    None
b - Stone Arrow           Conj/Erth      ######       1%          3    None
c - Lee's Rapid Deconstr  Erth           ######....   1%          5    ####...
d - Dazzling Flash        Conj/Hex       ####..       1%          3    None
e - Apportation           Tloc           ##....       6%          1    None
f - Irradiate             Conj/Tmut      ####......   6%          5    ####...

Your spell library contained the following spells:

 Spells                   Type           Power        Failure   Level  Hunger
 Lightning Bolt           Conj/Air       ####......   7%          5    ####...
 Freeze                   Ice            ###.         1%          1    None
 Magic Dart               Conj           ####         1%          1    None
 Passwall                 Tmut/Erth      #####...     1%          2    None
 Searing Ray              Conj           ######       1%          2    None
 Fulminant Prism          Conj/Hex       ####......   2%          4    ##.....
 Hailstorm                Conj/Ice       #####...     2%          4    ##.....
 Iskenderun's Mystic Bla  Conj/Tloc      ####....     2%          4    ##.....
 Frozen Ramparts          Ice            ###...       5%          3    None
 Inner Flame              Hex/Fire       ##......     5%          3    None
 Petrify                  Tmut/Erth      #####...     5%          4    ##.....
 Animate Skeleton         Necr           N/A          6%          1    None
 Corona                   Hex            ##.....      6%          1    None
 Infusion                 Chrm           ##..         6%          1    None
 Summon Small Mammal      Summ           ##..         6%          1    None
 Leda's Liquefaction      Hex/Erth       #####.....   6%          4    ##.....
 Shroud of Golubria       Chrm/Tloc      ##....       9%          2    None
 Slow                     Hex            ##......     9%          2    None
 Song of Slaying          Chrm           ##......     9%          2    None
 Ozocubu's Armour         Chrm/Ice       ###.....     19%         3    None
 Portal Projectile        Hex/Tloc       ##....       19%         3    None
 Spectral Weapon          Hex/Chrm       ##......     19%         3    None
 Cause Fear               Hex            ##........   52%         4    ##.....
 Summon Ice Beast         Ice/Summ       ###.....     52%         4    ##.....


Dungeon Overview and Level Annotations

Branches:
Dungeon (12/15)            Temple (1/1) D:6            Lair (0/6) D:9
    Orc (0/2) D:11          Sewer (visited)         Ossuary (visited)
  IceCv (visited)

Altars:
Cheibriados
Elyvilon
Gozag
Hepliaklqana
Makhleb
Okawaru
Qazlal
Ru
Sif Muna
Trog
Uskayaw
Vehumet
Wu Jian
Xom
Yredelemnul
Zin

Shops:
D:6 !}}   D:9 !%   D:12 %


Innate Abilities, Weirdness & Mutations

You are resistant to torment.
Your stone body is resilient. (AC +8)
You are immune to poison.
You resist negative energy. (rN+)
You are resistant to electric shocks. (rElec)
You can survive without breathing.
You are immune to petrification.
You are immune to rotting.


Message History

Press: ? - help, Dir - move target cursor A rock wall.
The wall shatters!
The blast of rock fragments hits the two-headed ogre!
You kill the two-headed ogre!
Vehumet accepts your kill.
You feel your power returning.
Your phial of floods has recharged.
Your Conjurations skill increases to level 9!
The blast of rock fragments hits the troll!!
The troll is almost dead.
You are feeling hungry.
You hear an angry growl.
The troll bites you!
* * * LOW HITPOINT WARNING * * *
The troll barely misses you. x2
The centaur warrior simulacrum hits you.
* * * LOW HITPOINT WARNING * * *
The centaur warrior simulacrum freezes you!
You resist.
You die...

###### #....### ###.#....#
##***### #........# #.,,,.$#
#.#.@Z#..# ###.####.# #...)T...#
≈≈≈..≈≈#.######.#..#.#
≈§§..≈≈#.............#
..§...≈#.######......# ..§§.....#
##....Z# ;.§§§.;#.### #.F...####*
****
≈≈.§..≈##K.#####....Y....*****,,,
≈≈...KK##...†...)<.......,,*,,,,,


You could see a troll, a sky beast, a bullfrog, a centaur warrior simulacrum and
a bullfrog zombie.

Vanquished Creatures
  A two-headed ogre (D:12)
  A necromancer (IceCv)
  Pikel (D:5)
  A manticore (D:11)
  An ugly thing (D:12)
  An elephant (D:9)
  An ice statue (IceCv)
  Maggie (D:6)
  10 freezing wraiths (IceCv)
  A troll (D:11)
  The ghost of dvd2 the Archer, an amateur CeHu (D:4)
  A polar bear (D:12)
  3 hornets
  4 hippogriffs
  Sigmund (D:7)
  A shadow (D:12)
  2 wraiths
  6 yaks (D:11)
  Eustachio (D:4)
  2 wyverns
  2 hungry ghosts (D:8)
  A basilisk (D:9)
  2 death yak simulacra (IceCv)
  Menkaure (D:4)
  Edmund (D:7)
  A soldier ant (D:10)
  Duvessa (D:5)
  5 orc warriors
  A slave (D:5)
  6 phantoms
  6 sky beasts
  2 hornet zombies
  A black bear (D:7)
  10 ice beasts
  An alligator simulacrum (IceCv)
  5 ogres
  7 centaurs
  3 crocodiles
  An elf zombie (Ossuary)
  6 bullfrogs
  A wyvern zombie (D:10)
  Dowan (D:5)
  A scorpion (D:4)
  A water moccasin skeleton (D:6)
  5 wights (D:7)
  13 killer bees
  3 howler monkeys
  2 bullfrog zombies
  2 crimson imps
  4 draconian simulacra (IceCv)
  A quasit (D:12)
  8 hounds
  2 human zombies
  A jelly (D:7)
  5 orc priests
  2 centaur skeletons
  3 bullfrog skeletons
  10 worker ants
  8 iguanas
  11 orc wizards
  3 spriggan simulacra (IceCv)
  6 troll simulacra (IceCv)
  A wolf simulacrum (IceCv)
  A big kobold zombie (Ossuary)
  2 centaur simulacra (IceCv)
  2 hound zombies
  A hound skeleton (D:6)
  4 mummies (Ossuary)
  4 worker ant zombies
  A gnoll (D:1)
  10 adders
  3 ogre simulacra (IceCv)
  2 naga simulacra (IceCv)
  A shadow imp (D:10)
  12 white imps (IceCv)
  An adder zombie (D:7)
  2 adder skeletons
  5 worms
  2 dart slugs (D:1)
  2 leopard geckos
  43 orcs
  12 giant cockroaches
  A gnoll zombie (Ossuary)
  7 goblins
  6 hobgoblins
  8 jackals
  7 kobolds
  4 quokkas
  3 ball pythons
  14 bats
  7 frilled lizards
  2 goblin zombies (Ossuary)
  3 jackal skeletons
  A jackal zombie (Ossuary)
  2 kobold zombies (Ossuary)
  2 orc zombies (Ossuary)
  6 rats
381 creatures vanquished.

Vanquished Creatures (others)
  An orc (D:11)
  A quokka skeleton (D:5)
2 creatures vanquished.

Grand Total: 383 creatures vanquished

Notes
Turn   | Place    | Note
-------+----------+-------------------------------------------
     0 | D:1      | Haet the Gargoyle Earth Elementalist began the quest for
                  | the Orb.
     0 | D:1      | Reached XP level 1. HP: 10/10 MP: 3/3
   533 | D:1      | Reached XP level 2. HP: 15/15 MP: 5/5
   548 | D:1      | Reached skill level 4 in Earth Magic
  1068 | D:1      | Reached XP level 3. HP: 19/19 MP: 6/6
  1073 | D:1      | Learned a level 3 spell: Stone Arrow
  1857 | D:2      | Found a white marble altar of Elyvilon.
  1949 | D:2      | Reached skill level 1 in Conjurations
  1961 | D:2      | Reached XP level 4. HP: 20/24 MP: 8/8
  1984 | D:2      | Found a hide-covered altar of Uskayaw.
  2158 | D:1      | Reached skill level 5 in Earth Magic
  2379 | D:2      | Reached XP level 5. HP: 28/28 MP: 6/10
  3308 | D:3      | Found a glowing drain.
  3309 | D:3      | Noticed an ice beast
  3328 | Sewer    | Entered a sewer
  3406 | Sewer    | Noticed a crocodile
  3414 | Sewer    | Killed a crocodile
  3414 | Sewer    | Reached XP level 6. HP: 32/32 MP: 3/11
  3483 | Sewer    | Learned a level 5 spell: Lee's Rapid Deconstruction
  3530 | D:3      | Killed an ice beast
  3530 | D:3      | Reached skill level 6 in Earth Magic
  3587 | D:3      | Found an opulent altar of Gozag.
  3676 | D:2      | Found a radiant altar of Vehumet.
  3684 | D:2      | Became a worshipper of Vehumet
  4196 | D:4      | Found a runed translucent gate.
  4223 | D:4      | Found a runed translucent gate.
  4224 | D:4      | Found a runed translucent gate.
  4225 | D:4      | Noticed dvd2's ghost (amateur CeHu)
  4273 | D:4      | Noticed Menkaure
  4282 | D:4      | Killed Menkaure
  4282 | D:4      | Reached XP level 7. HP: 19/36 MP: 4/13
  4684 | D:4      | Reached * piety under Vehumet
  4684 | D:4      | Offered knowledge of Freeze by Vehumet.
  4710 | D:4      | Reached skill level 5 in Spellcasting
  4710 | D:4      | Reached skill level 7 in Earth Magic
  4882 | D:4      | Found a hazy altar of Hepliaklqana.
  5056 | D:4      | Found a snail-covered altar of Cheibriados.
  5056 | D:4      | Noticed Eustachio
  5116 | D:4      | Reached XP level 8. HP: 39/41 MP: 15/15
  5184 | D:4      | Reached skill level 5 in Conjurations
  5194 | D:4      | Killed Eustachio
  5194 | D:4      | Reached skill level 1 in Fighting
  5194 | D:4      | Reached skill level 1 in Maces & Flails
  5194 | D:4      | Reached skill level 1 in Armour
  5339 | D:4      | Found a stormy altar of Qazlal.
  5341 | D:4      | Noticed an air elemental
  5582 | D:4      | Noticed a water elemental
  5784 | D:4      | Killed dvd2's ghost
  5869 | D:5      | Entered Level 5 of the Dungeon
  6210 | D:5      | Reached XP level 9. HP: 37/49 MP: 9/17
  6320 | D:5      | Noticed Pikel
  6358 | D:5      | Killed Pikel
  6358 | D:5      | Reached skill level 8 in Earth Magic
  6765 | D:5      | Noticed Dowan
  6767 | D:5      | Noticed Duvessa
  6781 | D:5      | Killed Dowan
  6781 | D:5      | Killed Duvessa
  6894 | D:5      | Found an iron altar of Okawaru.
  7366 | D:6      | Reached skill level 1 in Evocations
  7675 | D:6      | Reached ** piety under Vehumet
  7697 | D:6      | Offered knowledge of Searing Ray by Vehumet.
  7713 | D:6      | Noticed Maggie
  7720 | D:6      | Killed Maggie
  7913 | D:6      | Found a staircase to the Ecumenical Temple.
  7924 | Temple   | Entered the Ecumenical Temple
  7952 | D:6      | Learned a level 3 spell: Dazzling Flash
  8140 | D:6      | Found Nisabale's Gadget Shop.
  8154 | D:6      | Found Dacutudgh's Gadget Shop.
  8202 | D:6      | Reached XP level 10. HP: 56/56 MP: 19/19
  8208 | D:6      | Found Xuur Rut's Distillery.
  8215 | D:6      | Bought a potion of curing for 42 gold pieces
  8215 | D:6      | Bought a potion of curing for 42 gold pieces
  8215 | D:6      | Bought a potion of heal wounds for 70 gold pieces
  8215 | D:6      | Bought a potion of curing for 42 gold pieces
  8215 | D:6      | Bought a potion of curing for 42 gold pieces
  8215 | D:6      | Bought a potion of curing for 42 gold pieces
  8215 | D:6      | Bought a potion of heal wounds for 70 gold pieces
  8449 | D:7      | Got a thick robe
  8590 | D:6      | Identified the +1 robe of Akiroapliw {MR++ Int+4 SInv} (You
                  | found it on level 7 of the Dungeon)
  8842 | D:7      | Offered knowledge of Frozen Ramparts by Vehumet.
  9194 | D:7      | Reached *** piety under Vehumet
  9240 | D:7      | Noticed Sigmund
  9242 | D:7      | Killed Sigmund
  9242 | D:7      | Noticed Edmund
  9245 | D:7      | Killed Edmund
  9245 | D:7      | Reached skill level 9 in Earth Magic
  9477 | D:8      | Found an ornate altar of the Wu Jian Council.
  9567 | D:8      | Reached skill level 5 in Armour
  9643 | D:8      | Reached skill level 5 in Fighting
  9696 | D:8      | Offered knowledge of Hailstorm by Vehumet.
  9822 | D:8      | Found a sand-covered staircase.
  9835 | Ossuary  | Entered an ossuary
 10226 | D:8      | Reached **** piety under Vehumet
 10252 | D:8      | Learned a level 1 spell: Apportation
 10586 | D:9      | Found Lainidu's Food Shoppe.
 10615 | D:9      | Got an encrusted rapier
 10616 | D:9      | Identified the cursed +1 rapier "Tudos" {vorpal, rPois
                  | Str+3} (You found it on level 9 of the Dungeon)
 10641 | D:9      | Found a snail-covered altar of Cheibriados.
 10665 | D:9      | Offered knowledge of Irradiate by Vehumet.
 10672 | D:9      | Learned a level 5 spell: Irradiate
 10690 | D:9      | Found a bloodstained altar of Trog.
 10740 | D:9      | Found Ylump's Distillery.
 10748 | D:9      | Bought a potion of invisibility for 96 gold pieces
 10748 | D:9      | Bought a potion of might for 48 gold pieces
 10748 | D:9      | Bought a potion of curing for 36 gold pieces
 10790 | D:9      | Found a burning altar of Makhleb.
 10813 | D:9      | Found a staircase to the Lair.
 10814 | D:9      | Noticed an elephant
 10817 | D:9      | Reached XP level 11. HP: 64/64 MP: 21/21
 10830 | D:9      | Reached skill level 5 in Maces & Flails
 10952 | D:9      | Found a basalt altar of Yredelemnul.
 10952 | D:9      | Found a shimmering altar of Xom.
 10962 | D:9      | Found a glowing silver altar of Zin.
 11222 | D:10     | Entered Level 10 of the Dungeon
 11506 | D:10     | Reached ***** piety under Vehumet
 11555 | D:10     | Offered knowledge of Freezing Cloud by Vehumet.
 11993 | D:10     | Found an opulent altar of Gozag.
 12045 | D:11     | Found a staircase to the Orcish Mines.
 12058 | D:11     | Noticed a manticore
 12068 | D:11     | Killed a manticore
 12204 | D:11     | Reached skill level 5 in Dodging
 12310 | D:11     | Reached skill level 10 in Earth Magic
 13046 | D:12     | Noticed a cyan ugly thing
 13058 | D:12     | Killed a cyan ugly thing
 13066 | D:12     | Reached XP level 12. HP: 40/71 MP: 9/23
 13116 | D:12     | Found Byecyaba's Food Shop.
 13200 | D:12     | Noticed a two-headed ogre
 13201 | D:12     | Found a frozen archway.
 13210 | IceCv    | Entered an ice cave
 13798 | IceCv    | Reached skill level 5 in Evocations
 14021 | IceCv    | Found an ancient bone altar of Kikubaaqudgha.
 14918 | IceCv    | Offered knowledge of Lightning Bolt by Vehumet.
 15307 | D:12     | Killed a two-headed ogre
 15307 | D:12     | Slain by a centaur warrior simulacrum

Levels and vault maps discovered:
D:1:      eino_arrival_water_star, layout_loops_corners, hangedman_decor_push,
          chequers_serial_rivers_micro_a
D:2:      lemuel_upstairs_altar, layout_loops_ring, lemuel_crystal_altar,
          nicolae_overflow_crystal_walls
D:3:      layout_loops_ring, nicolae_gozag_cash_rules_everything_around_me,
          portal_sewer_entry_c
D:4:      layout_loops_corners, nicolae_qazlal_style_of_elements,
          overflow_temple_1_default, gammafunk_ghost_split, lemuel_tele_altar,
          uniq_menkaure, uniq_eustachio
D:5:      kennysheep_six_static_rooms, layout_basic,
          lemuel_coloured_pillars_altar, first_ration, uniq_pikel, uniq_duvessa
D:6:      layout_loops_ring, minmay_temple_entry_waves, serial_shops, shop,
          nicolae_shop_statue_plus, shop, uniq_maggie
D:7:      layout_cave_pools, sigmund_edmund_badplayer
D:8:      layout_loops_ring, lemuel_crystal_altar, enter_ossuary_3,
          minmay_starry_boxes
D:9:      layout_irregular_city, lemuel_crystal_altar, lemuel_doored_altar,
          kennysheep_mini_moat, gammafunk_temple_overflow_forgotten,
          david_lair_generic, serial_shops, shop, shop_statue
D:10:     layout_gridville, basic_altar, hangedman_pestilent_swarm
D:11:     layout_loops_corners, david_orc_2
D:12:     cheibrodos_breeding_chamber, layout_rooms, serial_ice, serial_ice_b,
          serial_ice_i, serial_ice_e, serial_ice_d, serial_ice_g, serial_ice_f,
          serial_ice_m, serial_ice_a, portal_ice_cave_entry_pillars_1,
          serial_shops, shop, grunt_decor_cap
Temple:   compressed_dpeg_triangle_lava_temple

Skill      XL: |  1  2  3  4  5  6  7  8  9 10 11 12 |
---------------+-------------------------------------+-----
Earth Magic    | 4 5 6 7 8 9 10 | 10.7
Conjurations   | 1 2 3 4 5 6 7 8 9 |  9.0
Spellcasting   | 3 4 5 6 7 8 |  8.2
Fighting       | 2 4 5 6 7 |  7.3
Maces & Flails | 2 3 4 6 |  6.7
Armour         | 2 4 5 6 |  6.0
Dodging        | 2 3 4 5 |  5.9
Evocations     | 1 3 4 5 |  5.3
Stealth        | |  2.1
Transmutations | |  0.7

Action                   |  1- 3 |  4- 6 |  7- 9 | 10-12 || total
-------------------------+-------+-------+-------+-------++-------
Melee: Short sword       |    39 |       |       |       ||    39
       Dagger            |   125 |   107 |   308 |    66 ||   606
       Flail             |       |       |       |   340 ||   340
 Cast: Sandblast         |    12 |    27 |    44 |    91 ||   174
       Stone Arrow       |       |     8 |     4 |     1 ||    13
       Lee's Rapid Decon |       |     1 |     9 |    92 ||   102
       Dazzling Flash    |       |       |     1 |       ||     1
       Irradiate         |       |       |       |     2 ||     2
Evoke: Wand              |       |       |       |     9 ||     9
       Phial of floods   |       |       |       |     1 ||     1
  Use: Scroll            |     4 |     2 |     5 |    20 ||    31
       Potion            |       |       |     1 |     3 ||     4
 Stab: Sleeping          |     5 |     2 |     2 |     7 ||    16
       Distracted        |       |       |     1 |     1 ||     2
  Eat: Chunk             |     4 |     8 |    14 |    19 ||    45
       Ration            |       |       |     1 |     7 ||     8
Armor: Robe              |    69 |    53 |    93 |   297 ||   512
       Steam dragon scal |       |       |    24 |    21 ||    45
Dodge: Dodged            |   118 |    89 |   211 |   435 ||   853

Table legend:
 A = Non-vault XP
 B = Vault XP
 C = Vault XP percentage of total XP
 D = Non-vault monster count
 E = Vault monster count
 F = Vault count percentage of total count
                 A         B        C        D         E       F
            +---------+---------+-------+---------+---------+-------
      Total |   14207 |   12272 |  46.3 |     265 |     116 |  30.4
            +---------+---------+-------+---------+---------+-------
        D:1 |     106 |       0 |   0.0 |      33 |       0 |   0.0
        D:2 |     165 |       0 |   0.0 |      17 |       0 |   0.0
        D:3 |     150 |       8 |   5.1 |      14 |       4 |  22.2
        D:4 |     774 |     668 |  46.3 |      41 |       5 |  10.9
        D:5 |     509 |     913 |  64.2 |       9 |       5 |  35.7
        D:6 |     851 |     409 |  32.5 |      19 |       1 |   5.0
        D:7 |    1775 |     396 |  18.2 |      32 |       2 |   5.9
        D:8 |    1111 |     312 |  21.9 |      17 |       5 |  22.7
        D:9 |    1001 |    1014 |  50.3 |       9 |       4 |  30.8
       D:10 |    1920 |     725 |  27.4 |      29 |       4 |  12.1
       D:11 |    3614 |     421 |  10.4 |      37 |       8 |  17.8
       D:12 |    2231 |     407 |  15.4 |       8 |       2 |  20.0
      Sewer |       0 |     110 | 100.0 |       0 |       6 | 100.0
    Ossuary |       0 |     264 | 100.0 |       0 |      16 | 100.0
      IceCv |       0 |    6625 | 100.0 |       0 |      54 | 100.0
            +---------+---------+-------+---------+---------+-------
